Kelowna Rockets vs Orlando Solar Bears
Created - Monday, April 17, 2023 at 07:12
Goals
|
| Kelowna Rockets |
3 |
4 |
0 |
7 |
| Orlando Solar Bears |
2 |
1 |
1 |
4 |
|
Shots
|
| Kelowna Rockets |
18 |
12 |
4 |
34 |
| Orlando Solar Bears |
12 |
13 |
13 |
38 |
|
1st period
1. Orlando Solar Bears , Jordan Martinook 22 (Jason Dickinson 32, John Leonard 21) at 6:23 (PP)
2. Kelowna Rockets , Jacob Perreault 9 (Givani Smith 3, Max Lajoie 17) at 11:26
3. Orlando Solar Bears , John Leonard 15 (Victor Soderstrom 12, Jordan Martinook 27) at 11:36
4. Kelowna Rockets , Matias Maccelli 12 (Lucas Johansen 7, Maxence Guenette 8) at 12:39
5. Kelowna Rockets , Oskar Steen 11 (Matias Maccelli 11, Cale Fleury 20) at 13:12
Penalties :
Max Lajoie (KEL) for Holding (Minor) at 0:41, Roby Jarventie (KEL) for High sticking (Minor) at 6:07
2nd period
6. Kelowna Rockets , Joel Kiviranta 7 (Matias Maccelli 12, Cale Fleury 21) at 3:38
7. Kelowna Rockets , Oskar Steen 12 (Max Lajoie 18, Joel Kiviranta 17) at 8:15 (PP)
8. Kelowna Rockets , Jesse Ylonen 19 (Max Lajoie 19) at 9:29 (PP)
9. Orlando Solar Bears , Philip Tomasino 4 (Martin Pospisil 3, Jett Woo 1) at 10:39
10. Kelowna Rockets , Ty Dellandrea 20 (Arnaud Durandeau 5) at 18:01
Penalties :
Artemi Kniazev (OSB) for High sticking (Minor) at 7:25, Jarred Tinordi (OSB) for Slashing (Minor) at 9:12, Emilio Pettersen (OSB) for Fighting (Major) at 10:22, Maxence Guenette (KEL) for Fighting (Major) at 10:22, Isaak Phillips (OSB) for Hooking (Minor) at 13:35, Martin Pospisil (OSB) for Tripping (Minor) at 19:09, Ty Dellandrea (KEL) for Slashing (Minor) at 19:27
3rd period
11. Orlando Solar Bears , John Leonard 16 (Jordan Martinook 28, Jason Dickinson 33) at 1:53 (PP)
Penalties :
Linus Weissbach (OSB) for Fighting (Major) at 1:49, Jack Drury (KEL) for Fighting (Major) at 1:49, Jack Drury (KEL) for instigated a fight (Minor) at 1:49, Jack Drury (KEL) for instigated a fight (10 Minutes Misconduct) at 1:49, Adam Beckman (OSB) for Fighting (Major) at 3:31, Alex Peters (KEL) for Fighting (Major) at 3:31, Adam Beckman (OSB) for instigated a fight (Minor) at 3:31, Adam Beckman (OSB) for instigated a fight (10 Minutes Misconduct) at 3:31, Ty Dellandrea (KEL) for Slashing (Minor) at 8:50
Goalie Stats
Justus Annunen (KEL), 34 saves from 38 shots - (0.895), W, 2-5-1, 60:00 minutes
Felix Sandstrom (OSB), 12 saves from 15 shots - (0.800), L, 6-4-2, 36:22 minutes
Filip Gustavsson (OSB), 15 saves from 19 shots - (0.789), 23:38 minutes
Players Stats for Kelowna Rockets
Player Name G A P +/- PIM S H SB GA TA FO MP PP MP PK MP
------------------------------------------------------------------------------------
Alex Peters 0 0 0 -2 5 1 0 1 0 0 0/0 13:26 0:51 0:46
Arnaud Durandeau 0 1 1 1 0 0 1 0 0 0 0/0 6:52 0:00 0:00
Cale Fleury 0 2 2 3 0 1 1 2 0 2 0/0 25:24 3:40 1:57
Givani Smith 0 1 1 1 0 1 2 0 0 0 0/0 11:50 0:09 0:00
Jack Drury 0 0 0 1 17 2 2 0 0 0 1/3 10:09 0:00 0:18
Jacob Perreault 1 0 1 1 0 1 3 2 0 1 1/3 13:06 0:09 1:21
Jasper Weatherby 0 0 0 -2 0 3 2 1 0 0 1/2 22:01 3:04 2:27
Jesse Ylonen 1 0 1 -2 0 5 1 0 0 0 2/3 19:10 3:04 0:48
Joel Kiviranta 1 1 2 3 0 4 3 0 1 1 0/1 16:58 2:10 0:15
Lauri Pajuniemi 0 0 0 1 0 0 0 0 0 0 0/0 6:45 0:00 0:00
Lucas Johansen 0 1 1 1 0 2 0 1 0 0 0/0 21:47 1:43 2:39
Matias Maccelli 1 2 3 3 0 2 3 0 0 0 0/1 19:19 2:10 1:54
Max Lajoie 0 3 3 4 2 4 1 0 0 0 0/0 27:42 3:40 1:11
Maxence Guenette 0 1 1 1 5 1 0 1 0 2 0/0 18:18 0:52 2:39
Oskar Steen 2 0 2 3 0 2 3 0 1 0 6/17 17:44 2:10 0:51
Oskari Laaksonen 0 0 0 -1 0 0 2 0 0 0 0/0 13:32 0:00 0:00
Roby Jarventie 0 0 0 0 2 0 0 0 1 0 0/2 5:34 0:09 0:02
Ty Dellandrea 1 0 1 -1 4 5 4 1 3 1 15/34 23:59 3:03 1:16
Players Stats for Orlando Solar Bears
Player Name G A P +/- PIM S H SB GA TA FO MP PP MP PK MP
------------------------------------------------------------------------------------
Adam Beckman 0 0 0 -2 17 2 1 0 0 0 0/0 11:02 1:03 0:00
Alex Turcotte 0 0 0 0 0 4 0 0 0 2 4/6 11:40 0:00 0:49
Artemi Kniazev 0 0 0 -3 2 1 2 1 1 1 0/0 18:54 1:56 1:51
Donovan Sebrango 0 0 0 -1 0 1 1 0 0 0 0/0 17:18 0:00 1:22
Emilio Pettersen 0 0 0 0 5 1 0 0 1 0 0/1 9:31 0:00 0:13
Isaak Phillips 0 0 0 -3 2 1 1 1 0 1 0/0 18:21 1:56 1:18
Jamieson Rees 0 0 0 0 0 1 1 0 0 0 0/0 11:01 0:25 0:00
Jarred Tinordi 0 0 0 1 2 0 1 2 0 1 0/0 24:35 2:40 2:59
Jason Dickinson 0 2 2 0 0 7 2 1 0 0 21/34 22:13 2:33 3:30
Jett Woo 0 1 1 -1 0 0 1 2 1 0 0/0 15:56 0:00 0:00
John Leonard 2 1 3 0 0 3 3 2 0 0 0/0 18:54 2:40 0:49
Jordan Martinook 1 2 3 0 0 4 1 0 0 0 1/1 17:50 2:32 1:04
Linus Weissbach 0 0 0 -1 5 2 1 0 0 0 0/0 12:12 0:27 0:00
Martin Pospisil 0 1 1 -1 2 3 1 0 0 0 0/0 11:22 0:01 0:00
Morgan Frost 0 0 0 -2 0 1 3 1 1 1 10/13 19:51 2:04 3:30
Philip Tomasino 1 0 1 -1 0 1 2 0 1 0 2/8 12:52 0:00 1:04
Valtteri Puustinen 0 0 0 -2 0 0 3 0 1 0 2/3 14:37 2:03 0:00
Victor Soderstrom 0 1 1 1 0 6 0 2 1 0 0/0 24:53 2:40 3:16
3 Stars
1 - Matias Maccelli (KEL)
2 - Oskar Steen (KEL)
3 - Joel Kiviranta (KEL)
Power Play
Kelowna Rockets - 2 on 5 Attempt(s) - 40.00%
Orlando Solar Bears - 2 on 5 Attempt(s) - 40.00%
Penalty Kill
Kelowna Rockets - 3 on 5 Attempt(s) - 60.00%
- Score 0 goal in Penalty Kill
Orlando Solar Bears - 3 on 5 Attempt(s) - 60.00%
- Score 0 goal in Penalty Kill
Team Stat
Kelowna Rockets - Hits : 28 - Faceoff Wins : 26 - Blocked Shots : 9 - Penalty Minutes : 35
Orlando Solar Bears - Hits : 24 - Faceoff Wins : 40 - Blocked Shots : 12 - Penalty Minutes : 35
Official
Referees : Gord Dwyer and Dennis LaRue
Linesman : Mark Shewchyk and Matt MacPherson
Game Notes
Felix Sandstrom enters game at 3:38 of 2nd period
Maxence Guenette beats up Emilio Pettersen at 10:22 of 2nd period
Linus Weissbach and Jack Drury fight to a draw at 1:49 of 3rd period
Adam Beckman beats up Alex Peters at 3:31 of 3rd period
Kelowna Rockets
5 vs 5 Forward
Center Left Wing Right Wing Time % Phy DF OF
1 Ty Dellandrea Jasper Weatherby Jesse Ylonen 40 1 2 2
2 Oskar Steen Matias Maccelli Joel Kiviranta 30 1 2 2
3 Jack Drury Givani Smith Jacob Perreault 20 1 2 2
4 Ty Dellandrea Arnaud Durandeau Lauri Pajuniemi 10 1 2 2
5 vs 5 Defense
Defense Defense Time % Phy DF OF
1 Cale Fleury Max Lajoie 40 1 2 2
2 Lucas Johansen Maxence Guenette 30 1 2 2
3 Alex Peters Oskari Laaksonen 20 1 2 2
4 Max Lajoie Lucas Johansen 10 1 2 2
PowerPlay Forward
Center Left Wing Right Wing Time % Phy DF OF
1 Ty Dellandrea Jasper Weatherby Jesse Ylonen 60 1 2 2
2 Oskar Steen Matias Maccelli Joel Kiviranta 40 1 2 2
PowerPlay Defense
Defense Defense Time % Phy DF OF
1 Cale Fleury Max Lajoie 60 1 2 2
2 Lucas Johansen Maxence Guenette 40 1 2 2
Penalty Kill 4 Players Forward
Center Wing Time % Phy DF OF
1 Ty Dellandrea Jasper Weatherby 60 1 2 2
2 Jesse Ylonen Matias Maccelli 40 1 2 2
Penalty Kill 4 Players Defense
Defense Defense Time % Phy DF OF
1 Cale Fleury Max Lajoie 60 1 2 2
2 Lucas Johansen Maxence Guenette 40 1 2 2
Penalty Kill - 3 Players Forward
Forward Time % Phy DF OF
1 Ty Dellandrea 60 1 2 2
2 Jasper Weatherby 40 1 2 2
Penalty Kill - 3 Players Defense
Defense Defense Time % Phy DF OF
1 Cale Fleury Max Lajoie 60 1 2 2
2 Lucas Johansen Maxence Guenette 40 1 2 2
4 vs 4 Forward
Center Wing Time % Phy DF OF
1 Ty Dellandrea Jasper Weatherby 60 1 2 2
2 Jesse Ylonen Matias Maccelli 40 1 2 2
4 vs 4 Defense
Defense Defense Time % Phy DF OF
1 Cale Fleury Max Lajoie 60 1 2 2
2 Lucas Johansen Maxence Guenette 40 1 2 2
Last Minutes Offensive
Center Left Wing Right Wing Defense Defense
Ty Dellandrea Jasper Weatherby Jesse Ylonen Cale Fleury Max Lajoie
Last Minutes Defensive
Center Left Wing Right Wing Defense Defense
Ty Dellandrea Jasper Weatherby Jesse Ylonen Cale Fleury Max Lajoie
Goaltenders
Starting : Justus Annunen
Backup : Adam Scheel
Extra Forwards
Normal : Roby Jarventie, Ty Dellandrea, Jack Drury - PP : Roby Jarventie, Ty Dellandrea - PK : Jack Drury
Extra Defensemen
Normal : Alex Peters, Maxence Guenette, Cale Fleury - PP : Alex Peters - PK : Maxence Guenette, Cale Fleury
Penalty Shots
Ty Dellandrea, Jasper Weatherby, Jesse Ylonen, Matias Maccelli, Oskar Steen
Orlando Solar Bears
5 vs 5 Forward
Center Left Wing Right Wing Time % Phy DF OF
1 Jason Dickinson Jordan Martinook John Leonard 32 1 2 2
2 Morgan Frost Adam Beckman Valtteri Puustinen 27 1 2 2
3 Philip Tomasino Linus Weissbach Martin Pospisil 23 1 2 2
4 Alex Turcotte Emilio Pettersen Jamieson Rees 18 1 2 2
5 vs 5 Defense
Defense Defense Time % Phy DF OF
1 Victor Soderstrom Jarred Tinordi 35 1 2 2
2 Isaak Phillips Artemi Kniazev 33 1 2 2
3 Jett Woo Donovan Sebrango 32 1 2 2
4 Victor Soderstrom Jarred Tinordi 0 1 2 2
PowerPlay Forward
Center Left Wing Right Wing Time % Phy DF OF
1 Jason Dickinson Jordan Martinook John Leonard 60 1 2 2
2 Morgan Frost Adam Beckman Valtteri Puustinen 40 1 2 2
PowerPlay Defense
Defense Defense Time % Phy DF OF
1 Victor Soderstrom Jarred Tinordi 60 1 2 2
2 Isaak Phillips Artemi Kniazev 40 1 2 2
Penalty Kill 4 Players Forward
Center Wing Time % Phy DF OF
1 Jason Dickinson Morgan Frost 60 1 2 2
2 Philip Tomasino Jordan Martinook 40 1 2 2
Penalty Kill 4 Players Defense
Defense Defense Time % Phy DF OF
1 Victor Soderstrom Jarred Tinordi 60 1 2 2
2 Isaak Phillips Artemi Kniazev 40 1 2 2
Penalty Kill - 3 Players Forward
Forward Time % Phy DF OF
1 Jason Dickinson 60 1 2 2
2 Morgan Frost 40 1 2 2
Penalty Kill - 3 Players Defense
Defense Defense Time % Phy DF OF
1 Victor Soderstrom Jarred Tinordi 60 1 2 2
2 Isaak Phillips Artemi Kniazev 40 1 2 2
4 vs 4 Forward
Center Wing Time % Phy DF OF
1 Jason Dickinson Morgan Frost 60 1 2 2
2 Philip Tomasino Jordan Martinook 40 1 2 2
4 vs 4 Defense
Defense Defense Time % Phy DF OF
1 Victor Soderstrom Jarred Tinordi 60 1 2 2
2 Isaak Phillips Artemi Kniazev 40 1 2 2
Last Minutes Offensive
Center Left Wing Right Wing Defense Defense
Jason Dickinson Jordan Martinook John Leonard Victor Soderstrom Jarred Tinordi
Last Minutes Defensive
Center Left Wing Right Wing Defense Defense
Jason Dickinson Jordan Martinook John Leonard Victor Soderstrom Jarred Tinordi
Goaltenders
Starting : Filip Gustavsson
Backup : Felix Sandstrom
Extra Forwards
Normal : Jamieson Rees, Linus Weissbach, Alex Turcotte - PP : Jamieson Rees, Linus Weissbach - PK : Alex Turcotte
Extra Defensemen
Normal : Jett Woo, Donovan Sebrango, Isaak Phillips - PP : Jett Woo - PK : Donovan Sebrango, Isaak Phillips
Penalty Shots
Jason Dickinson, Morgan Frost, Philip Tomasino, Jordan Martinook, John Leonard
% Time on Ice - Kelowna Rockets
Lines # - Real PCT - Wanted PCT - Time Play
Normal Forward
1 - 32% - 40% - 15:26
2 - 30% - 30% - 14:27
3 - 24% - 20% - 11:42
4 - 14% - 10% - 6:45
Normal Defense
1 - 36% - 40% - 17:35
2 - 30% - 30% - 14:30
3 - 29% - 20% - 13:55
4 - 5% - 10% - 2:20
PP Forward
1 - 60% - 60% - 3:13
2 - 40% - 40% - 2:10
PP Defense
1 - 68% - 60% - 3:40
2 - 32% - 40% - 1:43
PK Forward
1 - 83% - 60% - 3:48
2 - 17% - 40% - 0:48
PK Defense
1 - 42% - 60% - 1:57
2 - 58% - 40% - 2:39
PK3 Forward
1 - 0% - 60%
2 - 0% - 40%
PK3 Defense
1 - 0% - 60%
2 - 0% - 40%
44 Forward
1 - 100% - 60% - 1:41
2 - 0% - 40% - 0:00
44 Defense
1 - 59% - 60% - 1:00
2 - 41% - 40% - 0:41
Last Minute Offensive - 0:00
Last Minute Defensive - 0:00
Total
Forward - 60:00
Defense - 60:00
|
% Time on Ice - Orlando Solar Bears
Lines # - Real PCT - Wanted PCT - Time Play
Normal Forward
1 - 32% - 32% - 15:14
2 - 26% - 27% - 12:34
3 - 24% - 23% - 11:22
4 - 19% - 18% - 9:10
Normal Defense
1 - 35% - 35% - 16:41
2 - 33% - 33% - 15:43
3 - 33% - 32% - 15:56
4 - 0% - 0% - 0:00
PP Forward
1 - 55% - 60% - 2:33
2 - 45% - 40% - 2:03
PP Defense
1 - 58% - 60% - 2:40
2 - 42% - 40% - 1:56
PK Forward
1 - 80% - 60% - 4:19
2 - 20% - 40% - 1:04
PK Defense
1 - 56% - 60% - 3:02
2 - 44% - 40% - 2:21
PK3 Forward
1 - 0% - 60%
2 - 0% - 40%
PK3 Defense
1 - 0% - 60%
2 - 0% - 40%
44 Forward
1 - 74% - 60% - 1:15
2 - 26% - 40% - 0:26
44 Defense
1 - 95% - 60% - 1:36
2 - 5% - 40% - 0:05
Last Minute Offensive - 0:00
Last Minute Defensive - 0:00
Total
Forward - 60:00
Defense - 60:00
|
Play-by-Play
1st period
0:01 of 1st period - Jason Dickinson wins face-off versus Ty Dellandrea in neutral zone.
0:04 of 1st period - Slapshot by John Leonard.
0:04 of 1st period - Stopped by Justus Annunen with a rebound.
0:06 of 1st period - Backhand shot by Victor Soderstrom.
0:06 of 1st period - Stopped by Justus Annunen with a rebound.
0:41 of 1st period - Minor Penalty to Max Lajoie for Holding.
0:42 of 1st period - Ty Dellandrea wins face-off versus Jason Dickinson in Kelowna Rockets zone.
2:41 of 1st period - Penalty to Max Lajoie is over, Max Lajoie is back on ice.
3:26 of 1st period - Philip Tomasino is hit by Oskar Steen and loses puck.
4:17 of 1st period - Victor Soderstrom is hit by Matias Maccelli and loses puck.
4:38 of 1st period - Alex Turcotte is hit by Arnaud Durandeau and loses puck.
5:12 of 1st period - Oskari Laaksonen is hit by Martin Pospisil.
5:35 of 1st period - Jett Woo is hit by Matias Maccelli and loses puck.
6:07 of 1st period - Minor Penalty to Roby Jarventie for High sticking.
6:08 of 1st period - Ty Dellandrea wins face-off versus Jason Dickinson in Kelowna Rockets zone.
6:13 of 1st period - Snap shot by Jordan Martinook.
6:13 of 1st period - Shot Misses the Net.
6:15 of 1st period - Slapshot by Victor Soderstrom.
6:15 of 1st period - Stopped by Justus Annunen with a rebound.
6:17 of 1st period - Snap shot by John Leonard.
6:17 of 1st period - Shot Misses the Net.
6:19 of 1st period - Snap shot by Jason Dickinson.
6:19 of 1st period - Shot Blocked by Ty Dellandrea.
6:21 of 1st period - Snap shot by Jordan Martinook.
6:21 of 1st period - Shot Misses the Net.
6:23 of 1st period - Snap shot by Jordan Martinook.
6:23 of 1st period - Goal by Jordan Martinook - Kelowna Rockets : 0 - Orlando Solar Bears : 1.
6:24 of 1st period - Jasper Weatherby wins face-off versus Jason Dickinson in neutral zone.
6:39 of 1st period - Slapshot by Jason Dickinson.
6:39 of 1st period - Shot Blocked by Jasper Weatherby.
7:00 of 1st period - Wrist shot by Ty Dellandrea.
7:00 of 1st period - Stopped by Filip Gustavsson with a rebound.
7:08 of 1st period - Wrist shot by Jesse Ylonen.
7:08 of 1st period - Stopped by Filip Gustavsson with a rebound.
7:10 of 1st period - Slapshot by Cale Fleury.
7:10 of 1st period - Shot Blocked by Isaak Phillips.
7:12 of 1st period - Wrist shot by Ty Dellandrea.
7:12 of 1st period - Shot Misses the Net.
7:27 of 1st period - Wrist shot by Ty Dellandrea.
7:27 of 1st period - Shot Blocked by Artemi Kniazev.
7:31 of 1st period - Snap shot by Jesse Ylonen.
7:31 of 1st period - Stopped by Filip Gustavsson without a rebound.
7:32 of 1st period - Jason Dickinson wins face-off versus Matias Maccelli in Orlando Solar Bears zone.
8:02 of 1st period - Givani Smith is hit by Morgan Frost.
8:30 of 1st period - Snap shot by Arnaud Durandeau.
8:30 of 1st period - Shot Misses the Net.
8:42 of 1st period - Slapshot by Matias Maccelli.
8:42 of 1st period - Shot Misses the Net.
8:53 of 1st period - Off-side.
8:54 of 1st period - Morgan Frost wins face-off versus Jack Drury in neutral zone.
9:17 of 1st period - Joel Kiviranta is hit by Jason Dickinson.
9:46 of 1st period - Off-side.
9:47 of 1st period - Morgan Frost wins face-off versus Oskar Steen in neutral zone.
10:12 of 1st period - Max Lajoie is hit by Artemi Kniazev and loses puck.
10:30 of 1st period - Off-side.
10:31 of 1st period - Jack Drury wins face-off versus Philip Tomasino in neutral zone.
10:44 of 1st period - Philip Tomasino is hit by Jacob Perreault and loses puck.
11:02 of 1st period - Slapshot by Jack Drury.
11:02 of 1st period - Stopped by Filip Gustavsson with a rebound.
11:18 of 1st period - Wrist shot by Jack Drury.
11:18 of 1st period - Shot Blocked by Jett Woo.
11:20 of 1st period - Slapshot by Max Lajoie.
11:20 of 1st period - Stopped by Filip Gustavsson with a rebound.
11:22 of 1st period - Slapshot by Max Lajoie.
11:22 of 1st period - Stopped by Filip Gustavsson with a rebound.
11:24 of 1st period - Snap shot by Givani Smith.
11:24 of 1st period - Stopped by Filip Gustavsson with a rebound.
11:26 of 1st period - Snap shot by Jacob Perreault.
11:26 of 1st period - Goal by Jacob Perreault - Kelowna Rockets : 1 - Orlando Solar Bears : 1.
11:27 of 1st period - Jason Dickinson wins face-off versus Ty Dellandrea in neutral zone.
11:30 of 1st period - Wrist shot by Jordan Martinook.
11:30 of 1st period - Stopped by Justus Annunen without a rebound.
11:31 of 1st period - Jason Dickinson wins face-off versus Ty Dellandrea in Kelowna Rockets zone.
11:32 of 1st period - Backhand shot by Jordan Martinook.
11:32 of 1st period - Stopped by Justus Annunen with a rebound.
11:34 of 1st period - Wrist shot by Victor Soderstrom.
11:34 of 1st period - Deflect By Jesse Ylonen.
11:34 of 1st period - Stopped by Justus Annunen with a rebound.
11:36 of 1st period - Wrist shot by John Leonard.
11:36 of 1st period - Goal by John Leonard - Kelowna Rockets : 1 - Orlando Solar Bears : 2.
11:37 of 1st period - Jordan Martinook wins face-off versus Ty Dellandrea in neutral zone.
11:45 of 1st period - Off-side.
11:46 of 1st period - Ty Dellandrea wins face-off versus Jason Dickinson in neutral zone.
11:52 of 1st period - Snap shot by Jasper Weatherby.
11:52 of 1st period - Shot Blocked by John Leonard.
11:54 of 1st period - Snap shot by Jasper Weatherby.
11:54 of 1st period - Stopped by Filip Gustavsson with a rebound.
11:56 of 1st period - Snap shot by Ty Dellandrea.
11:56 of 1st period - Stopped by Filip Gustavsson with a rebound.
12:00 of 1st period - Snap shot by Jasper Weatherby.
12:00 of 1st period - Shot Misses the Net.
12:02 of 1st period - Slapshot by Cale Fleury.
12:02 of 1st period - Shot Blocked by Victor Soderstrom.
12:04 of 1st period - Backhand shot by Ty Dellandrea.
12:04 of 1st period - Shot Misses the Net.
12:06 of 1st period - Slapshot by Cale Fleury.
12:06 of 1st period - Shot Blocked by Jarred Tinordi.
12:08 of 1st period - Slapshot by Max Lajoie.
12:08 of 1st period - Shot Blocked by Jason Dickinson.
12:10 of 1st period - Snap shot by Jasper Weatherby.
12:10 of 1st period - Stopped by Filip Gustavsson without a rebound.
12:11 of 1st period - Morgan Frost wins face-off versus Oskar Steen in Orlando Solar Bears zone.
12:18 of 1st period - Wrist shot by Joel Kiviranta.
12:18 of 1st period - Stopped by Filip Gustavsson with a rebound.
12:20 of 1st period - Slapshot by Lucas Johansen.
12:20 of 1st period - Stopped by Filip Gustavsson without a rebound.
12:21 of 1st period - Morgan Frost wins face-off versus Oskar Steen in Orlando Solar Bears zone.
12:33 of 1st period - Wrist shot by Joel Kiviranta.
12:33 of 1st period - Stopped by Filip Gustavsson with a rebound.
12:35 of 1st period - Slapshot by Maxence Guenette.
12:35 of 1st period - Stopped by Filip Gustavsson with a rebound.
12:37 of 1st period - Slapshot by Lucas Johansen.
12:37 of 1st period - Stopped by Filip Gustavsson with a rebound.
12:39 of 1st period - Snap shot by Matias Maccelli.
12:39 of 1st period - Goal by Matias Maccelli - Kelowna Rockets : 2 - Orlando Solar Bears : 2.
12:40 of 1st period - Ty Dellandrea wins face-off versus Jason Dickinson in neutral zone.
13:12 of 1st period - Slapshot by Oskar Steen.
13:12 of 1st period - Goal by Oskar Steen - Kelowna Rockets : 3 - Orlando Solar Bears : 2.
13:13 of 1st period - Ty Dellandrea wins face-off versus Jason Dickinson in neutral zone.
13:32 of 1st period - Jason Dickinson is hit by Ty Dellandrea and loses puck.
14:09 of 1st period - Wrist shot by Emilio Pettersen.
14:09 of 1st period - Shot Blocked by Jacob Perreault.
14:11 of 1st period - Slapshot by Isaak Phillips.
14:11 of 1st period - Stopped by Justus Annunen without a rebound.
14:12 of 1st period - Ty Dellandrea wins face-off versus Emilio Pettersen in Kelowna Rockets zone.
14:26 of 1st period - Slapshot by Jasper Weatherby.
14:26 of 1st period - Deflect By Ty Dellandrea.
14:26 of 1st period - Shot Blocked by Jarred Tinordi.
14:26 of 1st period - Puck is out of play.
14:27 of 1st period - Jason Dickinson wins face-off versus Oskar Steen in Orlando Solar Bears zone.
14:52 of 1st period - John Leonard is hit by Jack Drury.
15:00 of 1st period - Givani Smith is hit by John Leonard and loses puck.
15:17 of 1st period - Jasper Weatherby is hit by Jarred Tinordi and loses puck.
15:34 of 1st period - Maxence Guenette is hit by Jamieson Rees.
16:06 of 1st period - Jarred Tinordi is hit by Jack Drury and loses puck.
16:21 of 1st period - Slapshot by Victor Soderstrom.
16:21 of 1st period - Stopped by Justus Annunen with a rebound.
16:23 of 1st period - Slapshot by Jarred Tinordi.
16:23 of 1st period - Shot Misses the Net.
16:25 of 1st period - Slapshot by Jarred Tinordi.
16:25 of 1st period - Deflect By Philip Tomasino.
16:25 of 1st period - Shot Blocked by Maxence Guenette.
16:25 of 1st period - Puck is out of play.
16:26 of 1st period - Oskar Steen wins face-off versus Morgan Frost in Kelowna Rockets zone.
16:26 of 1st period - Oskar Steen is hit by Adam Beckman.
16:51 of 1st period - John Leonard is hit by Jesse Ylonen and loses puck.
17:54 of 1st period - Slapshot by Martin Pospisil.
17:54 of 1st period - Stopped by Justus Annunen without a rebound.
17:55 of 1st period - Jason Dickinson wins face-off versus Oskar Steen in Kelowna Rockets zone.
18:05 of 1st period - Off-side.
18:06 of 1st period - Jesse Ylonen wins face-off versus Valtteri Puustinen in neutral zone.
18:31 of 1st period - Joel Kiviranta is hit by Artemi Kniazev and loses puck.
18:56 of 1st period - Jamieson Rees is hit by Oskari Laaksonen and loses puck.
19:21 of 1st period - Slapshot by Martin Pospisil.
19:21 of 1st period - Shot Blocked by Cale Fleury.
19:31 of 1st period - Oskar Steen is hit by Valtteri Puustinen.
19:52 of 1st period - Snap shot by Jason Dickinson.
19:52 of 1st period - Stopped by Justus Annunen with a rebound.
Goals for this period are 3 for Kelowna Rockets vs 2 for Orlando Solar Bears.
Shots for this period are 18 for Kelowna Rockets vs 12 for Orlando Solar Bears.
2nd period
0:01 of 2nd period - Morgan Frost wins face-off versus Ty Dellandrea in neutral zone.
0:18 of 2nd period - Cale Fleury is hit by Valtteri Puustinen and loses puck.
0:29 of 2nd period - Snap shot by Alex Turcotte.
0:29 of 2nd period - Stopped by Justus Annunen with a rebound.
0:50 of 2nd period - Icing by Jesse Ylonen.
0:51 of 2nd period - Oskar Steen wins face-off versus Jason Dickinson in Kelowna Rockets zone.
0:59 of 2nd period - Off-side.
1:00 of 2nd period - Jason Dickinson wins face-off versus Oskar Steen in neutral zone.
1:09 of 2nd period - Wrist shot by Jason Dickinson.
1:09 of 2nd period - Stopped by Justus Annunen with a rebound.
1:19 of 2nd period - Oskar Steen is hit by John Leonard and loses puck.
1:29 of 2nd period - Icing by Givani Smith.
1:30 of 2nd period - Philip Tomasino wins face-off versus Jack Drury in Kelowna Rockets zone.
1:31 of 2nd period - Snap shot by Linus Weissbach.
1:31 of 2nd period - Stopped by Justus Annunen with a rebound.
2:25 of 2nd period - Oskar Steen is hit by Jason Dickinson and loses puck.
2:40 of 2nd period - Wrist shot by Emilio Pettersen.
2:40 of 2nd period - Stopped by Justus Annunen with a rebound.
2:42 of 2nd period - Slapshot by Victor Soderstrom.
2:42 of 2nd period - Shot Blocked by Cale Fleury.
2:46 of 2nd period - Slapshot by Alex Turcotte.
2:46 of 2nd period - Shot Misses the Net.
3:38 of 2nd period - Snap shot by Joel Kiviranta.
3:38 of 2nd period - Goal by Joel Kiviranta - Kelowna Rockets : 4 - Orlando Solar Bears : 2.
3:38 of 2nd period - Felix Sandstrom enters game.
3:39 of 2nd period - Ty Dellandrea wins face-off versus Jason Dickinson in neutral zone.
3:46 of 2nd period - Snap shot by Jesse Ylonen.
3:46 of 2nd period - Stopped by Felix Sandstrom without a rebound.
3:47 of 2nd period - Jason Dickinson wins face-off versus Ty Dellandrea in Orlando Solar Bears zone.
4:02 of 2nd period - Wrist shot by Ty Dellandrea.
4:02 of 2nd period - Stopped by Felix Sandstrom with a rebound.
5:16 of 2nd period - Slapshot by Emilio Pettersen.
5:16 of 2nd period - Shot Misses the Net.
5:53 of 2nd period - Off-side.
5:54 of 2nd period - Ty Dellandrea wins face-off versus Jason Dickinson in neutral zone.
6:23 of 2nd period - Wrist shot by Matias Maccelli.
6:23 of 2nd period - Stopped by Felix Sandstrom with a rebound.
7:06 of 2nd period - Wrist shot by Jack Drury.
7:06 of 2nd period - Stopped by Felix Sandstrom without a rebound.
7:07 of 2nd period - Jason Dickinson wins face-off versus Jasper Weatherby in Orlando Solar Bears zone.
7:25 of 2nd period - Minor Penalty to Artemi Kniazev for High sticking.
7:26 of 2nd period - Jason Dickinson wins face-off versus Ty Dellandrea in Orlando Solar Bears zone.
7:59 of 2nd period - Icing by Joel Kiviranta.
8:00 of 2nd period - Jason Dickinson wins face-off versus Oskar Steen in Kelowna Rockets zone.
8:11 of 2nd period - Slapshot by Joel Kiviranta.
8:11 of 2nd period - Shot Blocked by Morgan Frost.
8:13 of 2nd period - Slapshot by Max Lajoie.
8:13 of 2nd period - Shot Misses the Net.
8:15 of 2nd period - Wrist shot by Oskar Steen.
8:15 of 2nd period - Goal by Oskar Steen - Kelowna Rockets : 5 - Orlando Solar Bears : 2.
8:16 of 2nd period - Ty Dellandrea wins face-off versus Philip Tomasino in neutral zone.
8:28 of 2nd period - Off-side.
8:29 of 2nd period - Valtteri Puustinen wins face-off versus Ty Dellandrea in neutral zone.
8:40 of 2nd period - Snap shot by Adam Beckman.
8:40 of 2nd period - Stopped by Justus Annunen with a rebound.
8:42 of 2nd period - Slapshot by Isaak Phillips.
8:42 of 2nd period - Shot Misses the Net.
8:44 of 2nd period - Wrist shot by Morgan Frost.
8:44 of 2nd period - Deflect By Valtteri Puustinen.
8:44 of 2nd period - Shot Blocked by Lucas Johansen.
8:44 of 2nd period - Puck is out of play.
8:45 of 2nd period - Oskar Steen wins face-off versus Philip Tomasino in Kelowna Rockets zone.
8:45 of 2nd period - Oskar Steen is hit by Philip Tomasino.
9:12 of 2nd period - Minor Penalty to Jarred Tinordi for Slashing.
9:13 of 2nd period - Jason Dickinson wins face-off versus Ty Dellandrea in Orlando Solar Bears zone.
9:27 of 2nd period - Slapshot by Max Lajoie.
9:27 of 2nd period - Stopped by Felix Sandstrom with a rebound.
9:29 of 2nd period - Backhand shot by Jesse Ylonen.
9:29 of 2nd period - Goal by Jesse Ylonen - Kelowna Rockets : 6 - Orlando Solar Bears : 2.
9:30 of 2nd period - Ty Dellandrea wins face-off versus Morgan Frost in neutral zone.
9:44 of 2nd period - Snap shot by Ty Dellandrea.
9:44 of 2nd period - Shot Misses the Net.
9:56 of 2nd period - Jordan Martinook is hit by Matias Maccelli and loses puck.
10:19 of 2nd period - Snap shot by Cale Fleury.
10:19 of 2nd period - Stopped by Felix Sandstrom without a rebound.
10:20 of 2nd period - Alex Turcotte wins face-off versus Ty Dellandrea in Orlando Solar Bears zone.
10:22 of 2nd period - Maxence Guenette beats up Emilio Pettersen.
10:22 of 2nd period - Penalty to Emilio Pettersen for Fighting.
10:22 of 2nd period - Penalty to Maxence Guenette for Fighting.
10:23 of 2nd period - Jesse Ylonen wins face-off versus Philip Tomasino in neutral zone.
10:25 of 2nd period - Off-side.
10:26 of 2nd period - Philip Tomasino wins face-off versus Ty Dellandrea in neutral zone.
10:31 of 2nd period - Snap shot by Martin Pospisil.
10:31 of 2nd period - Shot Blocked by Alex Peters.
10:33 of 2nd period - Slapshot by Martin Pospisil.
10:33 of 2nd period - Stopped by Justus Annunen with a rebound.
10:35 of 2nd period - Slapshot by Jett Woo.
10:35 of 2nd period - Shot Misses the Net.
10:39 of 2nd period - Snap shot by Philip Tomasino.
10:39 of 2nd period - Goal by Philip Tomasino - Kelowna Rockets : 6 - Orlando Solar Bears : 3.
10:40 of 2nd period - Ty Dellandrea wins face-off versus Jason Dickinson in neutral zone.
11:12 of 2nd period - Wrist shot by Morgan Frost.
11:12 of 2nd period - Shot Misses the Net.
11:28 of 2nd period - Slapshot by Victor Soderstrom.
11:28 of 2nd period - Stopped by Justus Annunen with a rebound.
11:40 of 2nd period - Snap shot by Alex Turcotte.
11:40 of 2nd period - Stopped by Justus Annunen with a rebound.
11:54 of 2nd period - Arnaud Durandeau is hit by John Leonard.
11:58 of 2nd period - Ty Dellandrea is hit by Isaak Phillips and loses puck.
12:12 of 2nd period - Icing by Artemi Kniazev.
12:13 of 2nd period - Jason Dickinson wins face-off versus Oskar Steen in Orlando Solar Bears zone.
12:42 of 2nd period - Linus Weissbach is hit by Ty Dellandrea and loses puck.
13:07 of 2nd period - Snap shot by Jason Dickinson.
13:07 of 2nd period - Stopped by Justus Annunen with a rebound.
13:09 of 2nd period - Snap shot by Donovan Sebrango.
13:09 of 2nd period - Stopped by Justus Annunen with a rebound.
13:16 of 2nd period - Icing by Givani Smith.
13:17 of 2nd period - Alex Turcotte wins face-off versus Ty Dellandrea in Kelowna Rockets zone.
13:28 of 2nd period - Wrist shot by Ty Dellandrea.
13:28 of 2nd period - Stopped by Felix Sandstrom with a rebound.
13:31 of 2nd period - Icing by Jamieson Rees.
13:32 of 2nd period - Oskar Steen wins face-off versus Alex Turcotte in Orlando Solar Bears zone.
13:33 of 2nd period - Snap shot by Joel Kiviranta.
13:33 of 2nd period - Shot Misses the Net.
13:35 of 2nd period - Minor Penalty to Isaak Phillips for Hooking.
13:36 of 2nd period - Jason Dickinson wins face-off versus Ty Dellandrea in Orlando Solar Bears zone.
14:12 of 2nd period - Victor Soderstrom is hit by Oskar Steen and loses puck.
15:22 of 2nd period - Penalty to Emilio Pettersen is over, Emilio Pettersen is back on ice.
15:38 of 2nd period - Snap shot by Givani Smith.
15:38 of 2nd period - Shot Blocked by Victor Soderstrom.
15:40 of 2nd period - Snap shot by Cale Fleury.
15:40 of 2nd period - Shot Blocked by John Leonard.
16:04 of 2nd period - Alex Turcotte is hit by Givani Smith and loses puck.
16:20 of 2nd period - Wrist shot by John Leonard.
16:20 of 2nd period - Shot Misses the Net.
16:26 of 2nd period - Snap shot by Alex Turcotte.
16:26 of 2nd period - Stopped by Justus Annunen with a rebound.
17:16 of 2nd period - Maxence Guenette is hit by Linus Weissbach.
17:37 of 2nd period - Icing by Joel Kiviranta.
17:38 of 2nd period - Valtteri Puustinen wins face-off versus Oskar Steen in Kelowna Rockets zone.
17:41 of 2nd period - Snap shot by Morgan Frost.
17:41 of 2nd period - Shot Misses the Net.
18:01 of 2nd period - Snap shot by Ty Dellandrea.
18:01 of 2nd period - Goal by Ty Dellandrea - Kelowna Rockets : 7 - Orlando Solar Bears : 3.
18:02 of 2nd period - Morgan Frost wins face-off versus Ty Dellandrea in neutral zone.
18:04 of 2nd period - Off-side.
18:05 of 2nd period - Ty Dellandrea wins face-off versus Morgan Frost in neutral zone.
18:12 of 2nd period - Snap shot by Jasper Weatherby.
18:12 of 2nd period - Stopped by Felix Sandstrom without a rebound.
18:13 of 2nd period - Ty Dellandrea wins face-off versus Alex Turcotte in Orlando Solar Bears zone.
19:09 of 2nd period - Minor Penalty to Martin Pospisil for Tripping.
19:10 of 2nd period - Jason Dickinson wins face-off versus Jesse Ylonen in Orlando Solar Bears zone.
19:10 of 2nd period - Jason Dickinson is hit by Jasper Weatherby.
19:15 of 2nd period - Snap shot by Morgan Frost.
19:15 of 2nd period - Stopped by Justus Annunen with a rebound.
19:27 of 2nd period - Minor Penalty to Ty Dellandrea for Slashing.
19:28 of 2nd period - Jason Dickinson wins face-off versus Roby Jarventie in Kelowna Rockets zone.
Goals for this period are 4 for Kelowna Rockets vs 1 for Orlando Solar Bears.
Shots for this period are 12 for Kelowna Rockets vs 13 for Orlando Solar Bears.
3rd period
0:01 of 3rd period - Jason Dickinson wins face-off versus Roby Jarventie in neutral zone.
1:09 of 3rd period - Penalty to Martin Pospisil is over, Martin Pospisil is back on ice.
1:17 of 3rd period - Icing by Isaak Phillips.
1:18 of 3rd period - Morgan Frost wins face-off versus Jacob Perreault in Orlando Solar Bears zone.
1:23 of 3rd period - Slapshot by Artemi Kniazev.
1:23 of 3rd period - Stopped by Justus Annunen without a rebound.
1:24 of 3rd period - Jacob Perreault wins face-off versus Jason Dickinson in Kelowna Rockets zone.
1:27 of 3rd period - Penalty to Ty Dellandrea is over, Ty Dellandrea is back on ice.
1:37 of 3rd period - Wrist shot by Jason Dickinson.
1:37 of 3rd period - Stopped by Justus Annunen with a rebound.
1:39 of 3rd period - Snap shot by Jason Dickinson.
1:39 of 3rd period - Shot Misses the Net.
1:49 of 3rd period - Linus Weissbach and Jack Drury fight to a draw.
1:49 of 3rd period - Penalty to Linus Weissbach for Fighting.
1:49 of 3rd period - Penalty to Jack Drury for Fighting.
1:49 of 3rd period - Penalty to Jack Drury for instigated a fight.
1:49 of 3rd period - Penalty to Jack Drury for instigated a fight.
1:50 of 3rd period - Jason Dickinson wins face-off versus Ty Dellandrea in Kelowna Rockets zone.
1:53 of 3rd period - Wrist shot by John Leonard.
1:53 of 3rd period - Goal by John Leonard - Kelowna Rockets : 7 - Orlando Solar Bears : 4.
1:54 of 3rd period - Morgan Frost wins face-off versus Ty Dellandrea in neutral zone.
2:25 of 3rd period - Off-side.
2:26 of 3rd period - Ty Dellandrea wins face-off versus Philip Tomasino in neutral zone.
3:26 of 3rd period - Wrist shot by Adam Beckman.
3:26 of 3rd period - Stopped by Justus Annunen with a rebound.
3:31 of 3rd period - Adam Beckman beats up Alex Peters.
3:31 of 3rd period - Penalty to Adam Beckman for Fighting.
3:31 of 3rd period - Penalty to Alex Peters for Fighting.
3:31 of 3rd period - Penalty to Adam Beckman for instigated a fight.
3:31 of 3rd period - Penalty to Adam Beckman for instigated a fight.
3:32 of 3rd period - Ty Dellandrea wins face-off versus Jason Dickinson in neutral zone.
3:39 of 3rd period - Slapshot by Max Lajoie.
3:39 of 3rd period - Deflect By Morgan Frost.
3:39 of 3rd period - Stopped by Felix Sandstrom without a rebound.
3:40 of 3rd period - Jason Dickinson wins face-off versus Ty Dellandrea in Orlando Solar Bears zone.
3:40 of 3rd period - Jason Dickinson is hit by Max Lajoie.
4:14 of 3rd period - Philip Tomasino is hit by Joel Kiviranta and loses puck.
5:08 of 3rd period - Icing by Max Lajoie.
5:09 of 3rd period - Jason Dickinson wins face-off versus Oskar Steen in Kelowna Rockets zone.
5:31 of 3rd period - Penalty to Adam Beckman is over, Alex Turcotte is send on ice.
5:36 of 3rd period - Wrist shot by Morgan Frost.
5:36 of 3rd period - Shot Blocked by Jacob Perreault.
5:38 of 3rd period - Slapshot by Jason Dickinson.
5:38 of 3rd period - Stopped by Justus Annunen with a rebound.
5:40 of 3rd period - Wrist shot by Alex Turcotte.
5:40 of 3rd period - Shot Misses the Net.
5:54 of 3rd period - Snap shot by Jason Dickinson.
5:54 of 3rd period - Stopped by Justus Annunen with a rebound.
5:58 of 3rd period - Wrist shot by Jason Dickinson.
5:58 of 3rd period - Stopped by Justus Annunen without a rebound.
5:59 of 3rd period - Oskar Steen wins face-off versus Philip Tomasino in Kelowna Rockets zone.
6:04 of 3rd period - Wrist shot by Joel Kiviranta.
6:04 of 3rd period - Stopped by Felix Sandstrom with a rebound.
6:06 of 3rd period - Snap shot by Matias Maccelli.
6:06 of 3rd period - Shot Misses the Net.
6:24 of 3rd period - Jamieson Rees is hit by Ty Dellandrea and loses puck.
6:33 of 3rd period - Snap shot by Jesse Ylonen.
6:33 of 3rd period - Stopped by Felix Sandstrom with a rebound.
7:25 of 3rd period - Jett Woo is hit by Oskari Laaksonen and loses puck.
7:38 of 3rd period - Ty Dellandrea is hit by Morgan Frost and loses puck.
7:45 of 3rd period - Donovan Sebrango is hit by Cale Fleury and loses puck.
8:17 of 3rd period - Emilio Pettersen is hit by Oskar Steen and loses puck.
8:45 of 3rd period - Slapshot by Alex Turcotte.
8:45 of 3rd period - Stopped by Justus Annunen with a rebound.
8:50 of 3rd period - Minor Penalty to Ty Dellandrea for Slashing.
8:51 of 3rd period - Jason Dickinson wins face-off versus Jacob Perreault in Kelowna Rockets zone.
9:27 of 3rd period - Snap shot by Linus Weissbach.
9:27 of 3rd period - Stopped by Justus Annunen with a rebound.
9:40 of 3rd period - Icing by Valtteri Puustinen.
9:41 of 3rd period - Morgan Frost wins face-off versus Oskar Steen in Orlando Solar Bears zone.
10:02 of 3rd period - Jordan Martinook is hit by Jacob Perreault and loses puck.
10:50 of 3rd period - Penalty to Ty Dellandrea is over, Ty Dellandrea is back on ice.
11:05 of 3rd period - Wrist shot by Philip Tomasino.
11:05 of 3rd period - Deflect By Martin Pospisil.
11:05 of 3rd period - Stopped by Justus Annunen without a rebound.
11:06 of 3rd period - Alex Turcotte wins face-off versus Ty Dellandrea in Kelowna Rockets zone.
11:07 of 3rd period - Snap shot by Jamieson Rees.
11:07 of 3rd period - Stopped by Justus Annunen with a rebound.
11:32 of 3rd period - Givani Smith is hit by Donovan Sebrango and loses puck.
12:06 of 3rd period - Snap shot by Jordan Martinook.
12:06 of 3rd period - Stopped by Justus Annunen with a rebound.
12:08 of 3rd period - Slapshot by Jarred Tinordi.
12:08 of 3rd period - Shot Misses the Net.
12:10 of 3rd period - Slapshot by Victor Soderstrom.
12:10 of 3rd period - Stopped by Justus Annunen without a rebound.
12:11 of 3rd period - Oskar Steen wins face-off versus Jason Dickinson in Kelowna Rockets zone.
12:11 of 3rd period - Oskar Steen is hit by Jordan Martinook.
12:38 of 3rd period - Wrist shot by Matias Maccelli.
12:38 of 3rd period - Shot Misses the Net.
12:40 of 3rd period - Slapshot by Alex Peters.
12:40 of 3rd period - Stopped by Felix Sandstrom with a rebound.
13:15 of 3rd period - Icing by Oskari Laaksonen.
13:16 of 3rd period - Morgan Frost wins face-off versus Joel Kiviranta in Kelowna Rockets zone.
13:25 of 3rd period - Valtteri Puustinen is hit by Joel Kiviranta and loses puck.
14:42 of 3rd period - Snap shot by Ty Dellandrea.
14:42 of 3rd period - Shot Blocked by Jett Woo.
14:44 of 3rd period - Wrist shot by Lauri Pajuniemi.
14:44 of 3rd period - Shot Misses the Net.
14:46 of 3rd period - Snap shot by Lauri Pajuniemi.
14:46 of 3rd period - Shot Misses the Net.
14:48 of 3rd period - Wrist shot by Ty Dellandrea.
14:48 of 3rd period - Shot Misses the Net.
14:58 of 3rd period - Maxence Guenette is hit by Jett Woo and loses puck.
15:37 of 3rd period - Jason Dickinson is hit by Jacob Perreault and loses puck.
16:03 of 3rd period - Emilio Pettersen is hit by Ty Dellandrea and loses puck.
16:49 of 3rd period - 10 Minutes Misconduct Penalty to Jack Drury is over.
17:20 of 3rd period - Max Lajoie is hit by Valtteri Puustinen and loses puck.
17:53 of 3rd period - Jett Woo is hit by Jasper Weatherby and loses puck.
18:31 of 3rd period - 10 Minutes Misconduct Penalty to Adam Beckman is over.
18:33 of 3rd period - Arnaud Durandeau is hit by Philip Tomasino and loses puck.
18:56 of 3rd period - Icing by Linus Weissbach.
18:57 of 3rd period - Alex Turcotte wins face-off versus Ty Dellandrea in Orlando Solar Bears zone.
19:10 of 3rd period - Jamieson Rees is hit by Givani Smith and loses puck.
19:44 of 3rd period - Jett Woo is hit by Joel Kiviranta and loses puck.
19:53 of 3rd period - Oskar Steen is hit by Morgan Frost and loses puck.
Goals for this period are 0 for Kelowna Rockets vs 1 for Orlando Solar Bears.
Shots for this period are 4 for Kelowna Rockets vs 13 for Orlando Solar Bears.
Back to the Top